 Dungeon Crawl Stone Soup version 0.28-a0-589-g333b8329f1 (webtiles) character file.

Game seed: 15098869559820474603

1977 lawman0 the Grappler (level 9, -7/71 HPs)
             Began as a Ghoul Monk on Oct 4, 2021.
             Was a Believer of Wu Jian.
             Killed by divine providence
             ... invoked by an orc priest
              (12 damage)
             ... on level 7 of the Dungeon.
             The game lasted 00:07:51 (6779 turns).

lawman0 the Grappler (Ghoul Monk)                   Turns: 6779, Time: 00:07:51

Health: -7/71      AC: 14    Str: 16    XL:     9   Next: 20%
Magic:  8/8        EV: 11    Int:  6    God:    Wu Jian [**....]
Gold:   807        SH:  0    Dex: 12    Spells: 5/8 levels left

rFire   . . .      SeeInvis .     - Unarmed
rCold   + . .      Faith    .   z - +1 buckler {AC+3}
rNeg    + + +      Spirit   .   h - +0 ring mail
rPois   ∞          Reflect  .   f - +2 hat
rElec   .          Harm     .   u - scarf {+Inv}
rCorr   +          Rampage  .   y - +2 pair of gloves
Will    .....                   (no boots)
Stlth   ..........              (no amulet)
HPRegen 0.00/turn               t - ring of resist corrosion
MPRegen 0.11/turn               (no ring)

@: confused, attractive, inhibited regen
A: claws 1, cold resistance 1, negative energy resistance 3, inhibited
regeneration, torment resistance 2
a: Renounce Religion, Evoke Invisibility, Wall Jump


You were on level 7 of the Dungeon.
You worshipped Wu Jian.
Wu Jian was pleased with you.
You visited 2 branches of the dungeon, and saw 8 of its levels.

You collected 1262 gold pieces.
You spent 455 gold pieces at shops.

Inventory:

Missiles
 j - 5 boomerangs (quivered)
Armour
 f - a +2 hat (worn)
 h - a +0 ring mail (worn)
 u - a scarf of invisibility (worn)
 y - a +2 pair of gloves (worn)
 z - a +1 buckler of protection (worn)
Jewellery
 t - a ring of resist corrosion (left hand)
Wands
 p - a wand of mindburst (19)
Scrolls
 c - a scroll of enchant weapon
 e - a scroll of torment {unknown}
 i - a scroll of fog
 k - a scroll of vulnerability
 l - a scroll of fear {unknown}
 o - a scroll of teleportation
 r - a scroll of amnesia
 v - a scroll of blinking {unknown}
 x - a scroll of immolation {unknown}
Potions
 a - a potion of attraction
 b - a potion of curing
 d - a potion of might {unknown}
 g - a potion of haste {unknown}
 m - a potion of heal wounds
 n - a potion of degeneration {unknown}
 q - a potion of berserk rage {unknown}
 s - a potion of lignification
 w - a potion of brilliance {unknown}


   Skills:
 + Level 4.0 Fighting
 + Level 4.5 Armour
 + Level 4.2 Dodging
 + Level 2.6 Stealth
 * Level 1.7 Shields
 * Level 10.5 Unarmed Combat
 + Level 1.3 Evocations


You had 5 spell levels left.
You knew the following spells:

 Your Spells              Type           Power      Damage    Failure   Level
a - Swiftness             Air            0%         N/A       98%         3

Your spell library contained the following spells:

 Spells                   Type           Power      Damage    Failure   Level
 Freeze                   Ice            0%         1d3       77%         1
 Summon Small Mammal      Summ           0%         N/A       77%         1
 Passwall                 Tmut/Erth      0%         N/A       88%         2
 Call Canine Familiar     Summ           0%         N/A       98%         3
 Frozen Ramparts          Ice            0%         1d2       98%         3
 Ozocubu's Armour         Ice            0%         N/A       98%         3
 Summon Guardian Golem    Hex/Summ       0%         N/A       98%         3
 Hailstorm                Conj/Ice       0%         3d3       100%        4
 Summon Lightning Spire   Summ/Air       0%         N/A       100%        4
 Invisibility             Hex            0%         N/A       100%        6
 Ozocubu's Refrigeration  Ice            0%         4d5       100%        7
 Summon Hydra             Summ           0%         N/A       100%        7
 Maxwell's Capacitive Co  Air            0%         ∞         100%        8
 Sublimation of Blood     Necr           Unusable   N/A       N/A         2
 Wereblood                Tmut           Unusable   N/A       N/A         2
 Storm Form               Tmut/Air       Unusable   N/A       N/A         7

Dungeon Overview and Level Annotations

Branches:
Dungeon (7/15)             Temple (1/1) D:6

Altars:
Ashenzari
Cheibriados
Dithmenos
Elyvilon
Fedhas
Gozag
Hepliaklqana
Kikubaaqudgha
Makhleb
Nemelex Xobeh
Okawaru
Qazlal
Ru
Sif Muna
Uskayaw
Vehumet
Wu Jian
Xom
Yredelemnul
Zin
The Shining One

Shops:
D:2 [   D:3 :   D:7 (


Innate Abilities, Weirdness & Mutations

You thrive by killing the living.
You are immune to poison.
You have sharp fingernails.
Your flesh is cold resistant. (rC+)
You are immune to negative energy. (rN+++)
You do not regenerate when monsters are visible.
You are immune to unholy pain and torment.


Message History

Unknown command.
You hit the orc wizard but do no damage.
Something is attracted toward you. The orc priest is attracted toward you.
Unknown command.
You punch the orc!
You kill the orc!
The Council accepts your kill.
You hear some strange, mumbled words.
Something tries to affect you, but you resist.
The orc wizard gestures at you while chanting.
You are confused.
Something is attracted toward you. The orc priest is attracted toward you.
You bump into the rock wall.
You hear some strange, mumbled words.
Something tries to affect you, but you resist.
The orc wizard misses you.
Unknown command.
You're too confused to move!
Something hits you.
* * * LOW HITPOINT WARNING * * *
The orc priest looks braver for a moment.
The orc wizard completely misses you.
Unknown command.
You bump into the rock wall.
Something hits you.
* * * LOW HITPOINT WARNING * * *
The orc wizard hits you but does no damage.
Unknown command.
You miss the orc wizard. Something hits you.
* * * LOW HITPOINT WARNING * * *
Unknown command.
You punch the orc wizard!
The orc wizard is almost dead.
The orc wizard hits you with a +0 dagger.
* * * LOW HITPOINT WARNING * * *
Something hits you but does no damage.
Unknown command.
You bump into the rock wall.
The orc wizard barely misses you. Something hits you but does no damage.
The orc priest mumbles some strange prayers to Beogh against you.
Beogh smites you!
You die...

#.. ...#. #.# #.#.
#.####... #######.#......
...............
#######.#......
...............
#.###############.#......
#...).o{@# #.#......
......####o# #.#######
..... #.# #.# ...< #.#
#.# ... #.# ##'### #.
#.#######....# #
#.#).......>.#
#.#.####.....#
#.#.#..#.....####


You could see an orc priest and an orc wizard.

Vanquished Creatures
  A shadow (D:7)
  Eustachio (D:5)
  A water moccasin (D:7)
  An ice beast (D:3)
  2 sky beasts
  2 black bears
  3 ogres
  A phantom (D:5)
  2 scorpions (D:5)
  3 jellies
  2 hounds (D:6)
  2 orc priests
  3 iguanas
  A scorpion zombie (D:5)
  6 orc wizards
  A hound skeleton (D:4)
  A howler monkey zombie (D:6)
  6 adders
  A howler monkey skeleton (D:5)
  A white imp (D:5)
  An adder zombie (D:5)
  2 dart slugs
  19 orcs
  5 ball pythons
  9 endoplasms
  2 giant cockroaches
  5 hobgoblins
  19 jackals
  9 kobolds
  9 quokkas
  4 bats
  5 frilled lizards
  5 goblins
  8 rats
143 creatures vanquished.

Notes
Turn   | Place    | Note
-------+----------+-------------------------------------------
     0 | D:1      | lawman0 the Ghoul Monk began the quest for the Orb.
     0 | D:1      | Reached XP level 1. HP: 19/19 MP: 0/0
   368 | D:1      | Reached XP level 2. HP: 24/26 MP: 1/1
   710 | D:1      | Reached skill level 4 in Unarmed Combat
   750 | D:1      | Reached XP level 3. HP: 31/31 MP: 2/2
  1115 | D:1      | Found a faded altar of an unknown god.
  1417 | D:2      | Reached XP level 4. HP: 38/38 MP: 3/3
  1482 | D:2      | Found Muliawuw's Antique Armour Boutique.
  1633 | D:2      | Reached skill level 1 in Armour
  1994 | D:2      | Learned a level 3 spell: Swiftness
  2153 | D:3      | Reached skill level 5 in Unarmed Combat
  2389 | D:3      | Noticed an ice beast
  2399 | D:3      | Killed an ice beast
  2400 | D:3      | Reached XP level 5. HP: 44/45 MP: 4/4
  2598 | D:3      | Reached skill level 6 in Unarmed Combat
  2598 | D:3      | Reached XP level 6. HP: 33/52 MP: 5/5
  2837 | D:3      | Found Uwirrud's Book Boutique.
  3056 | D:4      | Noticed a black bear
  3065 | D:4      | Killed a black bear
  3128 | D:4      | Reached skill level 7 in Unarmed Combat
  3128 | D:4      | Reached XP level 7. HP: 58/58 MP: 6/6
  3417 | D:5      | Entered Level 5 of the Dungeon
  3844 | D:5      | Reached skill level 8 in Unarmed Combat
  4059 | D:5      | Identified a scroll of acquirement
  4060 | D:5      | Acquired 912 gold pieces
  4367 | D:5      | Reached skill level 1 in Evocations
  4367 | D:5      | Reached XP level 8. HP: 39/66 MP: 7/7
  4695 | D:5      | Noticed Eustachio
  4715 | D:5      | Reached skill level 9 in Unarmed Combat
  4729 | D:5      | Killed Eustachio
  5644 | D:6      | Found a staircase to the Ecumenical Temple.
  5664 | Temple   | Entered the Ecumenical Temple
  5972 | Temple   | Became a worshipper of the Wu Jian Council
  5972 | Temple   | Reached * piety under Wu Jian
  5972 | Temple   | Reached ** piety under Wu Jian
  6530 | D:2      | Bought a pair of runed gloves for 165 gold pieces
  6530 | D:2      | Bought a glowing buckler for 165 gold pieces
  6530 | D:2      | Bought a wizard robe for 125 gold pieces
  6530 | D:2      | Identified the +1 robe of Golden Life {Str+3} (You bought
                  | it in a shop on level 2 of the Dungeon)
  6619 | D:7      | Found Poel's Antique Weapon Shoppe.
  6643 | D:7      | Reached skill level 1 in Shields
  6643 | D:7      | Reached skill level 10 in Unarmed Combat
  6656 | D:7      | Noticed a shadow
  6674 | D:7      | Killed a shadow
  6675 | D:7      | Reached XP level 9. HP: 35/71 MP: 8/8
  6761 | D:7      | HP: 3/71 [water moccasin (3)]
  6779 | D:7      | Killed from afar by an orc priest

Illustrated notes

Levels and vault maps discovered:
D:1:      minmay_arrival_widening_spiral_wide, layout_basic,
          basic_ecumenical_altar
D:2:      minmay_razor_zed, layout_basic, serial_shops, nicolae_shop_waterfront,
          minmay_pentomino_p4
D:3:      layout_loops_cross, serial_shops, shop_fountains
D:4:      layout_rooms
D:5:      minmay_general_purpose_star, layout_loops_ring, uniq_eustachio
D:6:      layout_loops_ring, minmay_temple_entry_wispy
D:7:      layout_basic, serial_shops, shop, enter_bailey_2,
          small_statue_intersection, nzn_random_ring
Temple:   nicolae_temple_the_god_donut

Skill      XL: |  1  2  3  4  5  6  7  8 |
---------------+-------------------------+-----
Unarmed Combat | 4 5 6 7 8 10 | 10.5
Dodging        | 3 4 |  4.2
Armour         | 1 2 3 4 |  4.5
Evocations     | 1 |  1.3
Shields        | 1 |  1.7
Fighting       | 4 |  4.0
Stealth        | |  2.6

Action                   |  1- 3 |  4- 6 |  7- 9 || total
-------------------------+-------+-------+-------++-------
Melee: Unarmed           |   144 |   158 |   229 ||   531
       Punch             |     2 |     2 |     6 ||    10
Invok: Whirlwind         |       |       |     5 ||     5
       Lunge             |       |       |     4 ||     4
Evoke: Wand              |       |       |     6 ||     6
  Use: Scroll            |       |     4 |     5 ||     9
       Potion            |       |       |     4 ||     4
 Stab: Sleeping          |     1 |     1 |     1 ||     3
Armor: Robe              |    22 |       |       ||    22
       Ring mail         |    38 |    51 |    64 ||   153
Dodge: Dodged            |    94 |    82 |    89 ||   265
Block: Buckler           |       |       |     7 ||     7

Table legend: (Time is in decaauts)
 A = Elapsed time spent in this place.
 B = Non-inter-level travel time spent in this place.
 C = Inter-level travel time spent in this place.
 D = Time resting spent in this place.
 E = Time spent auto-exploring this place.
 F = Levels seen in this place.
 G = Mean time per level.
                   A        B        C        D        E       F      G
               +--------+--------+--------+--------+--------+-----+--------+
         Total |   6725 |   6429 |    296 |    750 |   4333 |   8 |  840.6 |
       Dungeon |   6393 |   6119 |    274 |    750 |   4105 |   7 |  913.3 |
        Temple |    331 |    309 |     22 |      0 |    228 |   1 |  331.0 |
               +--------+--------+--------+--------+--------+-----+--------+

Top non-repeatable levels by time:
     D:5: 1851 daAuts
     D:1: 1312 daAuts
     D:3: 958 daAuts
     D:2: 829 daAuts
     D:6: 811 daAuts
     D:4: 470 daAuts
  Temple: 331 daAuts
     D:7: 159 daAuts
